AoeStats
← Arcangelos

Arabia

510442904Analyzed
1v1 RM · 10h ago on Oct 1, 2026· 50m 12s· 2 players
Game mode
Random Map
Map size
Tiny (2 player)
Population
200
Speed
Normal
Resources
Standard
Victory
Conquest
Starting age
Dark Age
Ending age
Imperial Age
RankedLock teamsTeams togetherTeam positionsShared explorationLock speedFull tech treeHidden civsTurbo modeCheats
Victory
Defeat
🇲🇽 Romans · Mexico
1184
+17
🇦🇹 Burgundians · Austria
1201
-17
Arcangelos
2:45 Loom
12:15 Feudal Age
12:30 Man-at-Arms
13:08 Double-Bit Axe
14:47 Gold Mining
16:19 Scale Mail Armor
17:15 Forging
19:04 Wheelbarrow
21:09 Horse Collar
23:39 Castle Age
22:25 Stone Mining
24:27 Squires
24:59 Chain Mail Armor
24:06 Long Swordsman
25:36 Bow Saw
27:28 Heavy Plow
29:42 Iron Casting
31:09 Pikeman
33:42 Gold Shaft Mining
33:05 Fletching
33:22 Town Watch
35:13 Hand Cart
39:44 Ballistas
42:17 Imperial Age
43:23 Comitatenses
43:23 Conscription
42:27 Legionary
43:52 Conscription
43:03 Sappers
43:21 Capped Ram
47:45 Town Patrol
49:09 Spies/Treason
Gravian
4:34 Double-Bit Axe
6:54 Loom
9:26 Feudal Age
9:47 Horse Collar
10:58 Bow Saw
15:32 Wheelbarrow
19:27 Castle Age
17:36 Arson
18:05 Scale Mail Armor
18:38 Forging
19:41 Gold Mining
19:53 Heavy Plow
19:43 Crossbowman
22:30 Squires
22:23 Fletching
23:08 Padded Archer Armor
23:35 Stone Mining
26:38 Husbandry
Connection lost

Rejoining the realm…

Still unreachable

The connection could not be restored.

Session expired

The server has moved on; the page needs a fresh start.